AoeStats
← thomas89671173

Arena

510051675Analyzed
4v4 RM · 3d ago on Sep 29, 2026· 42m 38s· 8 players
Game mode
Random Map
Map size
Large (8 player)
Population
200
Speed
Normal
Resources
Standard
Victory
Conquest
Starting age
Dark Age
Ending age
Imperial Age
RankedLock teamsTeams togetherTeam positionsShared explorationLock speedFull tech treeHidden civsTurbo modeCheats
Victory
Defeat
🇹🇼 Japanese · Taiwan
1382
+13
🇦🇺 Sicilians · Australia
1293
+17
🇦🇺 Inca · Australia
1271
+18
🇨🇦 Cumans · Canada
1251
+19
🇮🇳 Magyars · India
1329
-17
🇮🇳 Slavs · India
1326
-17
🇭🇰 Dravidians · Hong Kong SAR China
1325
-17
🇨🇳 Mapuche · China
1290
-16
NUR
10:02 Feudal Age
14:02 Castle Age
12:03 Horse Collar
12:57 Double-Bit Axe
15:01 Wheelbarrow
15:04 Bow Saw
15:14 Bow Saw
20:01 Heavy Plow
22:56 Loom
22:57 Town Watch
24:39 Fletching
25:29 Padded Archer Armor
28:29 Bloodlines
28:19 Husbandry
29:16 Thumb Ring
32:00 Imperial Age
29:46 Hand Cart
30:01 Husbandry
29:21 Light Cavalry
30:01 Husbandry
29:21 Light Cavalry
30:09 Gold Mining
30:10 Stone Mining
31:00 Ballistics
31:35 Bodkin Arrow
31:55 Leather Archer Armor
33:15 Parthian Tactics
32:59 Bracer
33:33 Heavy Cavalry Archer
35:09 Gold Shaft Mining
35:04 Conscription
35:40 Ring Archer Armor
36:39 Chemistry
35:51 Masonry
36:30 Scale Barding Armor
36:52 Capped Ram
38:44 Chain Barding Armor
38:48 Hussar
40:23 Plate Barding Armor
Eiiisckhan
10:38 Feudal Age
11:52 Double-Bit Axe
14:42 Castle Age
13:16 Horse Collar
14:17 Wheelbarrow
13:33 Town Watch
16:36 Bow Saw
18:52 Loom
22:30 Hand Cart
26:03 Gold Mining
26:14 Heavy Plow
26:09 Stone Mining
29:12 Imperial Age
26:34 Champi Runner
27:49 Forging
27:30 Fletching
29:33 Iron Casting
29:16 Bodkin Arrow
30:22 Conscription
30:03 Padded Archer Armor
31:33 Chemistry
30:40 Siege Engineers
30:19 Elite Skirmisher
32:07 Leather Archer Armor
33:31 Ring Archer Armor
33:54 Ballistics
34:46 Malon
36:11 Butalmapu
50232516
11:48 Feudal Age
10:04 Loom
12:48 Double-Bit Axe
15:29 Castle Age
13:30 Horse Collar
16:41 Bow Saw
19:40 Wheelbarrow
22:24 Hand Cart
22:56 Gold Mining
23:08 Heavy Plow
28:10 Imperial Age
27:22 Town Watch
28:09 Fletching
28:28 Padded Archer Armor
29:06 Ballistics
30:10 Bodkin Arrow
30:57 Thumb Ring
30:53 Bracer
31:09 Leather Archer Armor
36:56 Elite Elephant Archer
23
10:02 Feudal Age
13:36 Castle Age
12:07 Double-Bit Axe
12:05 Horse Collar
20:42 Wheelbarrow
21:01 Gold Mining
21:23 Bow Saw
22:22 Stone Mining
26:25 Imperial Age
24:14 Scale Mail Armor
24:16 Squires
23:54 Pikeman
25:00 Bow Saw
25:25 Chain Mail Armor
26:07 Forging
26:15 Heavy Plow
26:44 Town Watch
27:17 Halberdier
29:14 Plate Mail Armor
28:32 Loom
29:02 Hand Cart
31:27 Iron Casting
30:48 Capped Ram
32:10 Siege Ram
34:05 Conscription
34:32 Druzhina
34:36 Man-at-Arms
36:17 Blast Furnace
35:51 Siege Engineers
35:35 Long Swordsman
36:35 Two-Handed Swordsman
37:54 Champion
40:03 Detinets
42:26 Chemistry
God Dih
11:46 Feudal Age
15:39 Castle Age
13:46 Double-Bit Axe
14:13 Horse Collar
15:22 Stone Mining
15:28 Gold Mining
15:38 Loom
17:24 Bow Saw
23:12 Wheelbarrow
22:23 Town Watch
22:47 Heavy Plow
26:59 Imperial Age
25:33 Forging
25:23 Scale Mail Armor
27:16 Hand Cart
27:22 Squires
27:07 Arson
28:03 Chain Mail Armor
28:25 Iron Casting
27:48 Elite Kamayuk
29:36 Conscription
29:54 Plate Mail Armor
31:41 Blast Furnace
31:38 Fabric Shields
32:29 Hoardings
33:08 Gold Shaft Mining
33:04 Crop Rotation
35:53 Fletching
36:04 Padded Archer Armor
israeli banker
10:24 Feudal Age
14:10 Castle Age
13:27 Horse Collar
13:33 Double-Bit Axe
15:19 Bow Saw
19:55 Heavy Plow
21:07 Wheelbarrow
23:17 Hand Cart
23:30 Stone Mining
25:41 Gold Mining
27:39 Gold Shaft Mining
29:55 Stone Shaft Mining
30:07 Town Watch
30:07 Loom
31:53 Coinage
38:29 Imperial Age
37:05 Town Patrol
37:11 Scale Barding Armor
37:16 Forging
38:25 Bloodlines
38:43 Husbandry
39:12 First Crusade
38:31 Cavalier
40:15 Chain Barding Armor
40:32 Hauberk
42:24 Plate Barding Armor
42:26 Iron Casting
thomas89671173
11:05 Feudal Age
14:38 Castle Age
12:28 Double-Bit Axe
13:35 Loom
14:11 Horse Collar
15:43 Bow Saw
15:50 Heavy Plow
24:02 Loom
24:52 Wheelbarrow
24:56 Gold Mining
24:57 Stone Mining
26:13 Hand Cart
25:44 Town Watch
27:03 Gold Shaft Mining
26:45 Guard Tower
27:17 Fletching
28:05 Bodkin Arrow
31:01 Imperial Age
28:30 Treadmill Crane
29:35 Yasama
30:41 Ballistics
30:16 Murder Holes
30:34 Masonry
31:59 Coinage
32:30 Keep
32:56 Chemistry
31:43 Arrowslits
32:19 Bracer
33:52 Siege Engineers
33:44 Pikeman
34:26 Squires
34:28 Scale Mail Armor
34:39 Forging
35:22 Conscription
34:35 Halberdier
35:05 Arson
35:54 Chain Mail Armor
39:24 Banking
39:51 Plate Mail Armor
39:56 Iron Casting
43:12 Blast Furnace
42:10 Murder Holes
Nhitty
9:05 Feudal Age
9:44 Double-Bit Axe
11:54 Horse Collar
16:08 Wheelbarrow
20:13 Castle Age
21:10 Bloodlines
22:07 Hand Cart
24:47 Imperial Age
22:41 Bow Saw
22:50 Heavy Plow
23:24 Loom
24:16 Scale Barding Armor
24:46 Forging
25:23 Chain Barding Armor
25:07 Gold Mining
25:03 Capped Ram
25:13 Capped Ram
28:30 Cavalier
29:48 Plate Barding Armor
30:24 Iron Casting
31:14 Gold Shaft Mining
31:00 Paladin
34:02 Blast Furnace
34:40 Crop Rotation
Connection lost

Rejoining the realm…

Still unreachable

The connection could not be restored.

Session expired

The server has moved on; the page needs a fresh start.